cohdb
Replays
Latest Replays
All Replays
Popular Replays
Top Player Replays
Match Explorer
How It Works
Community
CoH3 Stats
Reddit
Sign in to upload your games and track your stats! →
Sign in with Steam
Match 40401879
Unlisted
Match 40401879
Overview
Messages
Build Orders
End
Selects Special Operations Battlegroup
Selects M29 Weasel Recon Vehicle
M29 Weasel Recon Vehicle
Construct Barracks
Riflemen Squad
Riflemen Squad
Riflemen Squad
Grenade Package
Construct Medical Station
Mechanized Support Center
Construct Motor Pool
M1 Anti-tank Gun Team
M8 Greyhound Armored Car
Designate Forward Repair Station
Selects Mark Vehicle
Riflemen Squad
M1 Mortar Team
Engineer Squad
Salvage Crew
Selects M4A1 Sherman Whizbang
Dahlian
Luce
Turtleboy
Phan
shadow 2
cumsader
0
0
Comments
sign in to comment!
No comments posted yet!